[Event "45th FIDE Olympiad 2024"]
[Site "Budapest"]
[Date "2024.09.14"]
[Round "4.228"]
[White "Makem, Pierre"]
[Black "Eltag, Siddig"]
[Result "0-1"]
[ECO "D00"]
[WhiteElo "1860"]
[BlackElo "2138"]
[PlyCount "58"]
[EventDate "2024.09.05"]
[EventType "team-tourn"]
[EventCountry "HUN"]
[WhiteTeam "Cameroon"]
[BlackTeam "Sudan"]
[WhiteTeamCountry "CAM"]
[BlackTeamCountry "SUD"]
[TimeControl "40/5400+30:1800+30"]

1. d4 Nf6 2. Nc3 d5 3. Bf4 e6 4. e3 Be7 5. g4 c6 6. Bd3 Na6 7. a3 c5 8. Qf3 c4 9. Be2 Qa5 10. Kf1 Bd7 11. Qg3 b5 12. g5 Ng8 13. Kg2 b4 14. Nb1 Rc8 15. Be5 f6 16. gxf6 Nxf6 17. Nh3 c3 18. bxc3 bxc3 19. Bd6 Bxd6 20. Qxd6 Ne4 21. Qxa6 Qd8 22. f3 e5 23. Bb5 O-O 24. Bxd7 Qxd7 25. Rg1 Rxf3 26. Qxc8+ Qxc8 27. Kxf3 Qxh3+ 28. Rg3 Qf1+ 29. Kg4 g6 {0-} 0-1

[Event "45th FIDE Olympiad 2024"]
[Site "Budapest"]
[Date "2024.09.14"]
[Round "4.229"]
[White "Al-Ali, Hussein Ali Hussein"]
[Black "Al Maashani, Amer"]
[Result "1-0"]
[ECO "A34"]
[WhiteElo "2122"]
[BlackElo "1979"]
[PlyCount "81"]
[EventDate "2024.09.05"]
[EventType "team-tourn"]
[EventCountry "HUN"]
[WhiteTeam "Iraq"]
[BlackTeam "Oman"]
[WhiteTeamCountry "IRQ"]
[BlackTeamCountry "OMN"]
[TimeControl "40/5400+30:1800+30"]

1. c4 Nf6 2. Nc3 c5 3. g3 e6 4. Bg2 d5 5. Nf3 d4 6. Na4 Nc6 7. O-O Be7 8. d3 O-O 9. a3 e5 10. Qc2 Re8 11. Bd2 Bf8 12. Ng5 h6 13. Ne4 Nxe4 14. dxe4 Bg4 15. f3 Be6 16. b3 a6 17. Nb2 b5 18. Nd3 bxc4 19. bxc4 f5 20. f4 Rc8 21. fxe5 fxe4 22. Bxe4 Bh3 23. Bd5+ Be6 24. Bg2 Ne7 25. Be4 Qc7 26. Nf4 Qxe5 27. Nxe6 Qxe6 28. Rab1 Rb8 29. e3 Kh8 30. exd4 Rxb1 31. Rxb1 cxd4 32. Qd3 Ng8 33. Bd5 Qg4 34. Bf3 Qd7 35. Rb7 Qd6 36. a4 a5 37. Kg2 Ne7 38. Be4 Nc6 39. Rb6 Rc8 40. Qf3 Ne5 41. Qf5 1-0

[Event "45th FIDE Olympiad 2024"]
[Site "Budapest"]
[Date "2024.09.14"]
[Round "4.230"]
[White "Al Maashani, Abdullah"]
[Black "Zozek Salah Mohammed"]
[Result "0-1"]
[ECO "C06"]
[WhiteElo "1893"]
[BlackElo "2180"]
[PlyCount "122"]
[EventDate "2024.09.05"]
[EventType "team-tourn"]
[EventCountry "HUN"]
[WhiteTeam "Oman"]
[BlackTeam "Iraq"]
[WhiteTeamCountry "OMN"]
[BlackTeamCountry "IRQ"]
[TimeControl "40/5400+30:1800+30"]

1. e4 e6 2. d3 d5 3. Nd2 Nf6 4. Ngf3 Bc5 5. e5 Nfd7 6. d4 Be7 7. Bd3 c5 8. c3 Nc6 9. Bb1 b5 10. O-O a5 11. a4 b4 12. Re1 Qb6 13. Nf1 Ba6 14. Ng3 Rb8 15. dxc5 Bxc5 16. Be3 bxc3 17. bxc3 Qb2 18. Bd3 Bxd3 19. Qxd3 Ncxe5 20. Qd1 Bxe3 21. Rxe3 Nxf3+ 22. gxf3 Nf6 23. Nf5 O-O 24. Ne7+ Kh8 25. Nc6 Rbc8 26. Nxa5 Rxc3 27. Rxc3 Qxc3 28. Nb3 Rb8 29. Rb1 h5 30. a5 Qc4 31. Nd2 Rxb1 32. Qxb1 Qe2 33. Qa2 Qa6 34. Qa4 d4 35. Nb3 d3 36. Nc5 Qd6 37. Nxd3 Qxd3 38. a6 Qxf3 39. a7 Qa8 40. Qa5 Nd5 41. Kf1 Kh7 42. Ke2 g6 43. Kd3 Nb4+ 44. Qxb4 Qxa7 45. Qf4 Qa3+ 46. Kc2 Qa2+ 47. Kc3 Qa1+ 48. Kc2 Kg7 49. h4 Qf6 50. Qg3 Qd4 51. Qh2 e5 52. f3 Qf4 53. Qh1 f5 54. Kb3 Qe3+ 55. Kb4 e4 56. Qa1+ Kh7 57. Qf6 Qd2+ 58. Kc5 Qd7 59. fxe4 fxe4 60. Qg5 e3 61. Kb6 Qe6+ {0-} 0-1

[Event "45th FIDE Olympiad 2024"]
[Site "Budapest"]
[Date "2024.09.14"]
[Round "4.231"]
[White "Salih, Akar Ali Salih"]
[Black "Al Busaidi, Hamood"]
[Result "1-0"]
[ECO "B12"]
[WhiteElo "2174"]
[BlackElo "1881"]
[PlyCount "79"]
[EventDate "2024.09.05"]
[EventType "team-tourn"]
[EventCountry "HUN"]
[WhiteTeam "Iraq"]
[BlackTeam "Oman"]
[WhiteTeamCountry "IRQ"]
[BlackTeamCountry "OMN"]
[TimeControl "40/5400+30:1800+30"]

1. e4 c6 2. d4 d5 3. e5 Bf5 4. Nc3 e6 5. g4 Bg6 6. Nge2 c5 7. h4 h5 8. Nf4 Bh7 9. Nxh5 Nc6 10. dxc5 a6 11. Na4 Bg6 12. f4 Bxh5 13. gxh5 Be7 14. Bh3 Bxh4+ 15. Kf1 Nh6 16. Nb6 Rb8 17. c3 Qc7 18. Be3 Bd8 19. Qf3 Qe7 20. Rd1 Bxb6 21. cxb6 a5 22. Rd2 f5 23. Rg1 Rh7 24. Rg6 Ng8 25. c4 d4 26. Bxd4 Rd8 27. Be3 Rxd2 28. Bxd2 Kf7 29. Be3 Qb4 30. Qe2 Nge7 31. Rg5 Nc8 32. Bg2 Nxb6 33. Bxc6 bxc6 34. b3 Rh8 35. Qg2 Rh7 36. Qxc6 Nxc4 37. Qc7+ Ke8 38. Qxc4 Qe7 39. Qc8+ Kf7 40. Bc5 1-0

[Event "45th FIDE Olympiad 2024"]
[Site "Budapest"]
[Date "2024.09.14"]
[Round "4.232"]
[White "Al Mashikhi, Mohammed Alyan"]
[Black "Alothman, Ali Layth Ahmed"]
[Result "0-1"]
[ECO "B13"]
[WhiteElo "1959"]
[BlackElo "2161"]
[PlyCount "78"]
[EventDate "2024.09.05"]
[EventType "team-tourn"]
[EventCountry "HUN"]
[WhiteTeam "Oman"]
[BlackTeam "Iraq"]
[WhiteTeamCountry "OMN"]
[BlackTeamCountry "IRQ"]
[TimeControl "40/5400+30:1800+30"]

1. e4 c6 2. d4 d5 3. exd5 cxd5 4. Bd3 Nc6 5. c3 Nf6 6. Bf4 Bg4 7. Qb3 Qd7 8. Nd2 e6 9. Ngf3 Bd6 10. Bxd6 Qxd6 11. O-O O-O 12. Rfe1 Ne7 13. Ne5 Bf5 14. Bxf5 Nxf5 15. Qd1 Qc7 16. g4 Nd6 17. Re3 Nfe4 18. Nxe4 Nxe4 19. f3 Nd6 20. Qe1 b5 21. Qh4 b4 22. f4 bxc3 23. Rh3 h6 24. bxc3 Rab8 25. g5 Nf5 26. Qg4 g6 27. gxh6 Kh7 28. Kh1 Rb7 29. Rg1 Rg8 30. Qg5 Nd6 31. Ng4 Ne4 32. Nf6+ Nxf6 33. Qxf6 Qc4 34. Re3 Qc7 35. f5 exf5 36. Re8 Qf4 37. Rge1 Rb2 38. Qxf7+ Kxh6 39. Qxg6+ Rxg6 {0-} 0-1

[Event "45th FIDE Olympiad 2024"]
[Site "Budapest"]
[Date "2024.09.14"]
[Round "4.233"]
[White "Pereira, Sergio"]
[Black "Christie, Joshua"]
[Result "0-1"]
[ECO "C01"]
[WhiteElo "1988"]
[BlackElo "2271"]
[PlyCount "84"]
[EventDate "2024.09.05"]
[EventType "team-tourn"]
[EventCountry "HUN"]
[WhiteTeam "Sao Tome and Principe"]
[BlackTeam "Jamaica"]
[WhiteTeamCountry "SAO"]
[BlackTeamCountry "JAM"]
[TimeControl "40/5400+30:1800+30"]

1. e4 e6 2. d4 d5 3. exd5 exd5 4. Nf3 Nf6 5. Bd3 Bd6 6. Qe2+ Be6 7. Ng5 Qe7 8. Nxe6 fxe6 9. O-O Nc6 10. c3 e5 11. dxe5 Nxe5 12. Nd2 O-O-O 13. Bf5+ Kb8 14. f4 Bc5+ 15. Kh1 Nc6 16. Qxe7 Nxe7 17. Be6 g6 18. b4 Bb6 19. Bb2 Rhf8 20. Rae1 Nf5 21. c4 Bd4 22. Bxd4 Nxd4 23. f5 dxc4 24. Nxc4 Rde8 25. Re3 Ng4 26. Re4 Nxf5 27. Kg1 Nf6 28. Ree1 Nd4 29. Bh3 Ne2+ 30. Kh1 Nf4 31. Rxe8+ Rxe8 32. g3 Nxh3 33. Rxf6 g5 34. Ne5 a5 35. Rf8 Rxf8 36. Nd7+ Kc8 37. Nxf8 axb4 38. Kg2 g4 39. Nxh7 c5 40. Nf6 c4 41. Nxg4 b3 42. Ne3 b2 {0-} 0-1

[Event "45th FIDE Olympiad 2024"]
[Site "Budapest"]
[Date "2024.09.14"]
[Round "4.234"]
[White "Smith, Shreyas"]
[Black "Espirito Santo, Waldyr"]
[Result "1-0"]
[ECO "C02"]
[WhiteElo "2226"]
[BlackElo "1926"]
[PlyCount "87"]
[EventDate "2024.09.05"]
[EventType "team-tourn"]
[EventCountry "HUN"]
[WhiteTeam "Jamaica"]
[BlackTeam "Sao Tome and Principe"]
[WhiteTeamCountry "JAM"]
[BlackTeamCountry "SAO"]
[TimeControl "40/5400+30:1800+30"]

1. e4 e6 2. d4 d5 3. e5 c5 4. c3 Nc6 5. Nf3 cxd4 6. cxd4 Qb6 7. Nc3 Bd7 8. Be2 Nge7 9. O-O Nf5 10. Na4 Qc7 11. g4 Nfe7 12. Be3 Ng6 13. Rc1 Rc8 14. a3 Qb8 15. b4 Be7 16. Nc5 Bxc5 17. Rxc5 O-O 18. Bd3 Nce7 19. h4 Rxc5 20. bxc5 f5 21. exf6 Rxf6 22. Bg5 Rf7 23. h5 Nf4 24. Bxe7 Rxe7 25. Ne5 Nxd3 26. Qxd3 Qe8 27. Re1 Bb5 28. Qe3 Qf8 29. Qg3 Be8 30. Re3 Qf6 31. Rf3 Qg5 32. Rf4 Rc7 33. Qf3 Qe7 34. Kh2 Qh4+ 35. Kg2 Qe7 36. Kh3 b6 37. c6 b5 38. g5 g6 39. h6 a5 40. Ng4 Rc8 41. Nf6+ Kh8 42. Nxd5 Bxc6 43. Nxe7 Bxf3 44. Nxc8 1-0

[Event "45th FIDE Olympiad 2024"]
[Site "Budapest"]
[Date "2024.09.14"]
[Round "4.235"]
[White "Nascimento Admilton de Ceita d"]
[Black "Shaw, Jaden"]
[Result "0-1"]
[ECO "D00"]
[WhiteElo "1908"]
[BlackElo "2051"]
[PlyCount "93"]
[EventDate "2024.09.05"]
[EventType "team-tourn"]
[EventCountry "HUN"]
[WhiteTeam "Sao Tome and Principe"]
[BlackTeam "Jamaica"]
[WhiteTeamCountry "SAO"]
[BlackTeamCountry "JAM"]
[TimeControl "40/5400+30:1800+30"]

1. d4 Nf6 2. Bf4 d5 3. e3 c5 4. c3 Nc6 5. Nd2 Bf5 6. Ngf3 Qb6 7. Qb3 c4 8. Qxb6 axb6 9. Nh4 Bd7 10. h3 h6 11. Bc7 b5 12. g4 e6 13. Bg2 b4 14. O-O Be7 15. Nhf3 O-O 16. Ne5 Rfc8 17. Nxc6 Bxc6 18. Bh2 bxc3 19. bxc3 Ra7 20. Rfb1 b5 21. Nf1 Rca8 22. Rb2 Ba3 23. Rc2 b4 24. cxb4 Ba4 25. Re2 c3 26. Bd6 c2 27. Ree1 Bb5 28. Rab1 cxb1=Q 29. Rxb1 Bc4 30. Bc5 Rb7 31. Rd1 Bxa2 32. Rd2 Bc4 33. Rc2 Bd3 34. Rc3 Bxf1 35. Bxf1 Ne4 36. Rc2 Bxb4 37. f3 Nxc5 38. dxc5 Ra5 39. c6 Rc7 40. Bd3 g6 41. Kf2 Bc5 42. Ke2 Rxc6 43. e4 Rc7 44. Rb2 Bd6 45. Rd2 Bf4 46. Rb2 Ra3 47. Rb8+ {0-} 0-1

[Event "45th FIDE Olympiad 2024"]
[Site "Budapest"]
[Date "2024.09.14"]
[Round "4.236"]
[White "McKennis, Darren"]
[Black "Semedo, Adelino"]
[Result "1-0"]
[ECO "D30"]
[WhiteElo "1905"]
[BlackElo "1827"]
[PlyCount "107"]
[EventDate "2024.09.05"]
[EventType "team-tourn"]
[EventCountry "HUN"]
[WhiteTeam "Jamaica"]
[BlackTeam "Sao Tome and Principe"]
[WhiteTeamCountry "JAM"]
[BlackTeamCountry "SAO"]
[TimeControl "40/5400+30:1800+30"]

1. d4 d5 2. c4 c6 3. Nf3 e6 4. Qc2 Bb4+ 5. Nbd2 Nd7 6. a3 Bd6 7. g3 f5 8. b4 Ngf6 9. Bg2 b6 10. cxd5 cxd5 11. Qc6 Qc7 12. Qxa8 b5 13. Bb2 Nb6 14. Rc1 Qxc1+ 15. Bxc1 Nxa8 16. Nb1 Nb6 17. Bf4 Ne4 18. Ne5 Nc4 19. Nxc4 Bxf4 20. Bxe4 fxe4 21. gxf4 bxc4 22. Nc3 Bd7 23. Rg1 Kf7 24. Kd2 a6 25. f5 g6 26. fxe6+ Kxe6 27. Rg5 Bc6 28. Re5+ Kd6 29. a4 Re8 30. b5 axb5 31. axb5 Bd7 32. Rxd5+ Kc7 33. Rc5+ Kb6 34. Rxc4 Bf5 35. Rc5 e3+ 36. fxe3 Ra8 37. e4 Bg4 38. Nd5+ Kb7 39. Nf6 Ra2+ 40. Rc2 Rxc2+ 41. Kxc2 Bxe2 42. Nxh7 Bxb5 43. Kd2 Kc6 44. Ke3 Kd6 45. Kf4 Ke6 46. d5+ Kd6 47. Nf6 Ke7 48. e5 Bd3 49. Ne4 Bc2 50. Nc5 Bf5 51. Kg5 Kd8 52. d6 Ke8 53. Kf6 Kd8 54. e6 1-0

[Event "45th FIDE Olympiad 2024"]
[Site "Budapest"]
[Date "2024.09.14"]
[Round "4.237"]
[White "Alfaro, William"]
[Black "Hasford, John Kojo"]
[Result "1-0"]
[ECO "E63"]
[WhiteElo "2133"]
[BlackElo "1956"]
[PlyCount "49"]
[EventDate "2024.09.05"]
[EventType "team-tourn"]
[EventCountry "HUN"]
[WhiteTeam "Nicaragua"]
[BlackTeam "Ghana"]
[WhiteTeamCountry "NCA"]
[BlackTeamCountry "GHA"]
[TimeControl "40/5400+30:1800+30"]

1. d4 d6 2. Nf3 Nf6 3. c4 g6 4. g3 Nc6 5. Bg2 Bg7 6. Nc3 O-O 7. O-O a6 8. Bf4 h6 9. h3 Bd7 10. Rc1 Re8 11. d5 Nb8 12. Qd2 Kh7 13. g4 c5 14. e4 b5 15. e5 b4 16. exf6 bxc3 17. bxc3 exf6 18. Rfe1 Bf8 19. Qb2 Ra7 20. Rb1 Bxg4 21. Rxe8 Qxe8 22. Qxb8 Qxb8 23. Rxb8 Bxf3 24. Rxf8 Bxg2 25. Kxg2 1-0

[Event "45th FIDE Olympiad 2024"]
[Site "Budapest"]
[Date "2024.09.14"]
[Round "4.238"]
[White "Anquandah, Francis Eric"]
[Black "Rocha, Maximiliano"]
[Result "1/2-1/2"]
[ECO "C50"]
[WhiteElo "1941"]
[BlackElo "2156"]
[PlyCount "104"]
[EventDate "2024.09.05"]
[EventType "team-tourn"]
[EventCountry "HUN"]
[WhiteTeam "Ghana"]
[BlackTeam "Nicaragua"]
[WhiteTeamCountry "GHA"]
[BlackTeamCountry "NCA"]
[TimeControl "40/5400+30:1800+30"]

1. e4 e5 2. Nf3 Nc6 3. Bc4 d6 4. h3 Be7 5. d4 exd4 6. Nxd4 Nf6 7. Nc3 O-O 8. O-O Re8 9. Nxc6 bxc6 10. Qd3 Be6 11. Bxe6 fxe6 12. f4 Qd7 13. b3 Rf8 14. Ne2 c5 15. Bb2 Rab8 16. Rad1 Qc6 17. Bxf6 Bxf6 18. c4 a5 19. Qf3 a4 20. Rd3 axb3 21. axb3 Rb6 22. e5 Qxf3 23. Rdxf3 Be7 24. Rd3 Rfb8 25. Rff3 Rd8 26. Kf2 d5 27. cxd5 exd5 28. f5 c6 29. Nf4 Re8 30. Kg3 Rb4 31. Ne6 c4 32. bxc4 Rxc4 33. Rc3 Re4 34. Rfe3 Rxe3+ 35. Rxe3 c5 36. Kf4 Kf7 37. Rc3 Rc8 38. g4 h6 39. h4 c4 40. g5 hxg5+ 41. hxg5 g6 42. Nd4 gxf5 43. Kxf5 Bc5 44. g6+ Ke7 45. Ne6 Bb4 46. Rc2 c3 47. Nf4 Rf8+ 48. Kg5 Rd8 49. Kh6 d4 50. g7 d3 51. Nxd3 Rxd3 52. Rg2 c2 1/2-1/2

[Event "45th FIDE Olympiad 2024"]
[Site "Budapest"]
[Date "2024.09.14"]
[Round "4.239"]
[White "Sanchez, Steven"]
[Black "Anhwere, Bernard"]
[Result "1-0"]
[ECO "A38"]
[WhiteElo "2072"]
[BlackElo "1893"]
[PlyCount "79"]
[EventDate "2024.09.05"]
[EventType "team-tourn"]
[EventCountry "HUN"]
[WhiteTeam "Nicaragua"]
[BlackTeam "Ghana"]
[WhiteTeamCountry "NCA"]
[BlackTeamCountry "GHA"]
[TimeControl "40/5400+30:1800+30"]

1. Nf3 Nf6 2. g3 g6 3. Bg2 Bg7 4. O-O O-O 5. c4 d6 6. Nc3 c5 7. d3 Nc6 8. a3 Rb8 9. Rb1 a5 10. Ne1 e6 11. Bg5 h6 12. Bf4 e5 13. Be3 Bg4 14. Nc2 Nd4 15. b4 axb4 16. axb4 b6 17. Bd2 Qd7 18. Ne3 Bh3 19. b5 Bxg2 20. Kxg2 Qb7+ 21. Ned5 Nxd5 22. Nxd5 Ra8 23. e4 Ra2 24. Bc3 Ne6 25. Qb3 Rfa8 26. Ra1 Rxa1 27. Rxa1 Rxa1 28. Bxa1 Nc7 29. Ne7+ Kf8 30. Nc6 Qa8 31. Bc3 Ne6 32. h4 Nd8 33. Nxd8 Qxd8 34. Qa4 Qc7 35. Qa8+ Ke7 36. Bd2 Qd8 37. Qa7+ Kf8 38. Ba5 Bf6 39. Bxb6 Qc8 40. Bc7 1-0

[Event "45th FIDE Olympiad 2024"]
[Site "Budapest"]
[Date "2024.09.14"]
[Round "4.240"]
[White "Frempong-Smart, Daniel"]
[Black "Ortiz, Marcos"]
[Result "0-1"]
[ECO "D02"]
[WhiteElo "1863"]
[BlackElo "2191"]
[PlyCount "70"]
[EventDate "2024.09.05"]
[EventType "team-tourn"]
[EventCountry "HUN"]
[WhiteTeam "Ghana"]
[BlackTeam "Nicaragua"]
[WhiteTeamCountry "GHA"]
[BlackTeamCountry "NCA"]
[TimeControl "40/5400+30:1800+30"]

1. d4 Nf6 2. Nf3 d5 3. g3 c5 4. Bg2 cxd4 5. O-O h6 6. b3 Nc6 7. Nxd4 e5 8. Nxc6 bxc6 9. c4 Be6 10. Bb2 Qc7 11. cxd5 cxd5 12. Nc3 Rd8 13. Rc1 Qb8 14. Qd3 d4 15. Nb5 Bd6 16. e3 O-O 17. Nxd6 Qxd6 18. exd4 Bg4 19. Rc6 Qd7 20. Qa6 exd4 21. Rxf6 gxf6 22. Qxf6 Qe6 23. Qf4 d3 24. f3 Bf5 25. g4 Bh7 26. Bf6 Rd6 27. g5 Re8 28. Qh4 d2 29. Qxh6 Qe3+ 30. Kh1 Rxf6 31. Qxf6 Qe1 32. Qd4 Bc2 33. g6 d1=Q 34. gxf7+ Kxf7 35. Qf4+ Kg7 {0-} 0-1

[Event "45th FIDE Olympiad 2024"]
[Site "Budapest"]
[Date "2024.09.14"]
[Round "4.241"]
[White "Yahi, Mohamed Salem"]
[Black "Juarez Flores, Carlos A."]
[Result "0-1"]
[ECO "B12"]
[WhiteElo "1868"]
[BlackElo "2308"]
[PlyCount "100"]
[EventDate "2024.09.05"]
[EventType "team-tourn"]
[EventCountry "HUN"]
[WhiteTeam "Mauritania"]
[BlackTeam "Guatemala"]
[WhiteTeamCountry "MAU"]
[BlackTeamCountry "GUA"]
[TimeControl "40/5400+30:1800+30"]

1. e4 c6 2. Nf3 d5 3. e5 e6 4. d4 c5 5. c3 Nc6 6. Bd3 f6 7. a3 fxe5 8. dxe5 g6 9. O-O Bg7 10. Qe2 Nge7 11. Bg5 O-O 12. Nbd2 c4 13. Bc2 Qc7 14. Rfe1 Nf5 15. g4 Nh6 16. h3 Nf7 17. Bf4 Bd7 18. Rad1 b5 19. Bb1 a5 20. h4 Nh6 21. Bxh6 Bxh6 22. g5 Bg7 23. Nf1 Rf4 24. h5 Raf8 25. N1h2 Be8 26. h6 Bh8 27. Rd2 Qf7 28. Kg2 b4 29. axb4 axb4 30. Qe3 Qe7 31. Rde2 Bd7 32. Rg1 Qf7 33. Rge1 Bc8 34. Ng1 Nxe5 35. Nh3 Nf3 36. Nxf4 Nxe1+ 37. Rxe1 Qxf4 38. Qxf4 Rxf4 39. Kg3 Rf7 40. f4 bxc3 41. bxc3 Bxc3 42. Rf1 e5 43. Rd1 Rxf4 44. Rxd5 Be1+ 45. Kg2 Bb7 46. Be4 Bxd5 47. Bxd5+ Kf8 48. Nf3 Bc3 49. Kg3 Bb2 50. Nd2 c3 {0-} 0-1

[Event "45th FIDE Olympiad 2024"]
[Site "Budapest"]
[Date "2024.09.14"]
[Round "4.242"]
[White "Giron Chavez, David Emanuel"]
[Black "Abdellahi Khaled Abdellahi"]
[Result "1-0"]
[ECO "B22"]
[WhiteElo "2065"]
[BlackElo "1894"]
[PlyCount "141"]
[EventDate "2024.09.05"]
[EventType "team-tourn"]
[EventCountry "HUN"]
[WhiteTeam "Guatemala"]
[BlackTeam "Mauritania"]
[WhiteTeamCountry "GUA"]
[BlackTeamCountry "MAU"]
[TimeControl "40/5400+30:1800+30"]

1. e4 c5 2. c3 Nf6 3. e5 Nd5 4. d4 cxd4 5. Nf3 Nc6 6. Bc4 Nb6 7. Bb3 d6 8. exd6 Qxd6 9. O-O Be6 10. Bxe6 Qxe6 11. cxd4 Qd7 12. Nc3 Rd8 13. Bf4 e6 14. Qb3 Bd6 15. Bxd6 Qxd6 16. Nb5 Qb8 17. Rfe1 O-O 18. Rad1 a6 19. Nc3 Nd5 20. Ne5 Qc7 21. Nc4 b5 22. Ne3 Nce7 23. Ne4 Qa7 24. a4 bxa4 25. Qxa4 Rb8 26. Qa3 Qb6 27. Rd2 Rfd8 28. Red1 h6 29. h3 a5 30. Nc4 Qb4 31. Nxa5 Qxa3 32. bxa3 Ra8 33. Nc4 Ra4 34. Rc1 Nf4 35. Nc5 Ra7 36. Kh2 Nf5 37. Rcd1 Nd6 38. Nxd6 Rxd6 39. a4 Nd5 40. Rb1 Nc7 41. Rb7 Rxb7 42. Nxb7 Rb6 43. Nc5 Na6 44. Rc2 Rc6 45. f4 f6 46. Rc1 e5 47. fxe5 fxe5 48. Nd3 Rxc1 49. Nxc1 exd4 50. Ne2 d3 51. Nc3 Kf7 52. Kg3 Ke6 53. Kf3 Ke5 54. Ke3 Nb4 55. a5 Kd6 56. Ne4+ Kd5 57. Nf2 Kc4 58. Nxd3 Nc6 59. a6 Kb5 60. Ke4 Kxa6 61. Kf5 Ne7+ 62. Ke6 Ng6 63. g3 Nh8 64. h4 Kb5 65. h5 g6 66. g4 gxh5 67. gxh5 Kc6 68. Ne5+ Kc7 69. Ng6 Kd8 70. Nxh8 Ke8 71. Ng6 1-0

[Event "45th FIDE Olympiad 2024"]
[Site "Budapest"]
[Date "2024.09.14"]
[Round "4.243"]
[White "Cheikhna, Mohamed Lemine"]
[Black "Galvez Dastin, Eduardo"]
[Result "1/2-1/2"]
[ECO "B10"]
[WhiteElo "1884"]
[BlackElo "2100"]
[PlyCount "86"]
[EventDate "2024.09.05"]
[EventType "team-tourn"]
[EventCountry "HUN"]
[WhiteTeam "Mauritania"]
[BlackTeam "Guatemala"]
[WhiteTeamCountry "MAU"]
[BlackTeamCountry "GUA"]
[TimeControl "40/5400+30:1800+30"]

1. e4 c6 2. Nf3 d5 3. d3 Bg4 4. Nbd2 e6 5. Be2 Nf6 6. O-O dxe4 7. dxe4 Bc5 8. c3 a5 9. a4 Nbd7 10. Qc2 O-O 11. Nc4 Qc7 12. Bg5 Bh5 13. Rad1 Bg6 14. Bd3 b5 15. axb5 cxb5 16. Ncd2 Ne5 17. Nxe5 Qxe5 18. Nf3 Qb8 19. Qe2 Ra7 20. Bxf6 gxf6 21. e5 b4 22. cxb4 Qxb4 23. exf6 Rb7 24. Bxg6 hxg6 25. Qe5 Rb5 26. Qg3 Bb6 27. Rd7 Qxb2 28. Qd6 Qxf6 29. Qc6 Qb2 30. h4 Rc5 31. Qd6 Rd5 32. Qc6 Rxd7 33. Qxd7 Rd8 34. Qe7 Qb4 35. Qf6 Qf8 36. Rb1 Rb8 37. Rd1 Qg7 38. Qf4 Rd8 39. Rb1 Bd4 40. Qc7 Bf6 41. Qxa5 Qh6 42. g3 Qf8 43. Kg2 Qd6 1/2-1/2

[Event "45th FIDE Olympiad 2024"]
[Site "Budapest"]
[Date "2024.09.14"]
[Round "4.244"]
[White "Garcia Fuentes, Sergio Miguel"]
[Black "Abdou, Ahmed Alem"]
[Result "1/2-1/2"]
[ECO "B11"]
[WhiteElo "2114"]
[BlackElo "1897"]
[PlyCount "85"]
[EventDate "2024.09.05"]
[EventType "team-tourn"]
[EventCountry "HUN"]
[WhiteTeam "Guatemala"]
[BlackTeam "Mauritania"]
[WhiteTeamCountry "GUA"]
[BlackTeamCountry "MAU"]
[TimeControl "40/5400+30:1800+30"]

1. e4 c6 2. Nf3 d5 3. Nc3 dxe4 4. Nxe4 Nf6 5. Qe2 Nxe4 6. Qxe4 Qd5 7. Qh4 Bf5 8. Bc4 Qe4+ 9. Qxe4 Bxe4 10. Bxf7+ Kd8 11. Bb3 Bxf3 12. gxf3 g6 13. d4 Bg7 14. Be3 Rf8 15. h4 Nd7 16. h5 Kc7 17. hxg6 hxg6 18. Rh7 Bf6 19. O-O-O Rh8 20. Rxh8 Rxh8 21. f4 Rh2 22. Rg1 Bh4 23. f5 g5 24. f4 Re2 25. Bd2 gxf4 26. Bxf4+ Kb6 27. c4 Bf2 28. Rd1 Re4 29. c5+ Kb5 30. Bd2 Bxd4 31. Bc2 Rg4 32. b4 Ne5 33. a4+ Kc4 34. Kb1 Nf3 35. Bc1 Rg1 36. Ba3 Rxd1+ 37. Bxd1 Nh4 38. Bc2 Ng2 39. Ka2 Ne3 40. Bb3+ Kd3 41. Be6 Kc2 42. Bb3+ Kd3 43. Be6 1/2-1/2

[Event "45th FIDE Olympiad 2024"]
[Site "Budapest"]
[Date "2024.09.14"]
[Round "4.245"]
[White "Darmanin, Jake"]
[Black "D`Amico, Nicola"]
[Result "1-0"]
[ECO "C43"]
[WhiteElo "2119"]
[BlackElo "1801"]
[PlyCount "35"]
[EventDate "2024.09.05"]
[EventType "team-tourn"]
[EventCountry "HUN"]
[WhiteTeam "Malta"]
[BlackTeam "San Marino"]
[WhiteTeamCountry "MLT"]
[BlackTeamCountry "SMR"]
[TimeControl "40/5400+30:1800+30"]

1. e4 e5 2. Nf3 Nf6 3. d4 Nxe4 4. Bd3 d5 5. dxe5 Be7 6. O-O O-O 7. c4 c6 8. Qc2 f5 9. exf6 Nxf6 10. Nc3 Na6 11. a3 Kh8 12. cxd5 Qa5 13. dxc6 Nb4 14. axb4 Qxa1 15. Bg5 Qxf1+ 16. Kxf1 Bxb4 17. Qb3 a5 18. Ne5 1-0

[Event "45th FIDE Olympiad 2024"]
[Site "Budapest"]
[Date "2024.09.14"]
[Round "4.246"]
[White "Righi, Ezio"]
[Black "Novak, Attila Robert"]
[Result "0-1"]
[ECO "B43"]
[WhiteElo "1909"]
[BlackElo "2135"]
[PlyCount "70"]
[EventDate "2024.09.05"]
[EventType "team-tourn"]
[EventCountry "HUN"]
[WhiteTeam "San Marino"]
[BlackTeam "Malta"]
[WhiteTeamCountry "SMR"]
[BlackTeamCountry "MLT"]
[TimeControl "40/5400+30:1800+30"]

1. e4 c5 2. Nf3 e6 3. d4 cxd4 4. Nxd4 a6 5. Be2 Qc7 6. Nc3 b5 7. O-O Bb7 8. Bf3 Nc6 9. Nxc6 dxc6 10. Qe2 Bd6 11. g3 Be5 12. Bg2 Ne7 13. f4 Bd4+ 14. Be3 c5 15. Nd1 O-O 16. c3 Bxe3+ 17. Nxe3 Rad8 18. Rad1 Bc6 19. Rxd8 Rxd8 20. Rd1 Kf8 21. Rd2 Rxd2 22. Qxd2 Ke8 23. Kf2 Qd7 24. Qxd7+ Kxd7 25. e5 Bxg2 26. Kxg2 Kc6 27. Kf3 Nd5 28. Ke4 Nxe3 29. Kxe3 Kd5 30. Kd3 g5 31. b3 c4+ 32. bxc4+ bxc4+ 33. Ke3 g4 34. a3 a5 35. a4 h6 {0-} 0-1

[Event "45th FIDE Olympiad 2024"]
[Site "Budapest"]
[Date "2024.09.14"]
[Round "4.247"]
[White "Mizzi, Jack"]
[Black "Grassi, Enrico"]
[Result "1-0"]
[ECO "E90"]
[WhiteElo "2053"]
[BlackElo "1965"]
[PlyCount "51"]
[EventDate "2024.09.05"]
[EventType "team-tourn"]
[EventCountry "HUN"]
[WhiteTeam "Malta"]
[BlackTeam "San Marino"]
[WhiteTeamCountry "MLT"]
[BlackTeamCountry "SMR"]
[TimeControl "40/5400+30:1800+30"]

1. d4 Nf6 2. Nf3 g6 3. c4 c5 4. d5 b5 5. cxb5 a6 6. bxa6 Bg7 7. Nc3 O-O 8. e4 d6 9. h3 Qa5 10. Bd2 Bxa6 11. Bxa6 Nxa6 12. O-O Rfb8 13. e5 dxe5 14. Nxe5 Qb6 15. Nc4 Qd8 16. Bf4 Rb7 17. Qf3 Rb4 18. b3 Ra7 19. Rfd1 Ne8 20. Rac1 Nd6 21. Nxd6 exd6 22. Ne4 Rd7 23. Bg5 Qe8 24. Re1 Rxe4 25. Rxe4 Be5 26. Bf6 1-0

[Event "45th FIDE Olympiad 2024"]
[Site "Budapest"]
[Date "2024.09.14"]
[Round "4.248"]
[White "Piva, Michele"]
[Black "Zerafa, Patrick"]
[Result "0-1"]
[ECO "E90"]
[WhiteElo "1721"]
[BlackElo "1986"]
[PlyCount "72"]
[EventDate "2024.09.05"]
[EventType "team-tourn"]
[EventCountry "HUN"]
[WhiteTeam "San Marino"]
[BlackTeam "Malta"]
[WhiteTeamCountry "SMR"]
[BlackTeamCountry "MLT"]
[TimeControl "40/5400+30:1800+30"]

1. d4 Nf6 2. c4 g6 3. Nc3 Bg7 4. Nf3 d6 5. e4 O-O 6. Bd3 Nc6 7. a3 e5 8. Be3 Ng4 9. d5 Nxe3 10. fxe3 Ne7 11. h4 h6 12. Nh2 f5 13. Kd2 c6 14. h5 g5 15. Nf3 f4 16. Nxg5 hxg5 17. h6 Bf6 18. Qh5 Qe8 19. h7+ Kh8 20. Qe2 Qg6 21. Rh2 Bg7 22. Rah1 Bd7 23. Qe1 Rf6 24. Be2 Qf7 25. Bh5 Ng6 26. Nd1 b5 27. Qe2 bxc4 28. Qxc4 cxd5 29. exd5 Rc8 30. Qe2 Qxd5+ 31. Ke1 Bb5 32. Qg4 Rc2 33. g3 Be2 34. Rxe2 Qxh1+ 35. Kf2 Qxd1 36. exf4 Qxe2+ {0-} 0-1